 Dungeon Crawl Stone Soup version 0.25.0-9-g26727b657a (webtiles) character file.

Game seed: 4236623891260502188

32 Esekla the Magician (level 3, -1/20 HPs)
             Began as a Deep Elf Warper on June 20, 2020.
             Was a Follower of Wu Jian.
             Slain by a gnoll
             ... wielding a +0 club
              (7 damage)
             ... on level 1 of the Dungeon.
             The game lasted 00:08:01 (1100 turns).

Esekla the Magician (Deep Elf Warper)               Turns: 1100, Time: 00:08:02

Health: -1/20      AC:  3    Str:  8    XL:     3   Next: 8%
Magic:  6/9        EV: 13    Int: 17    God:    Wu Jian [*.....]
Gold:   71         SH:  0    Dex: 15    Spells: 4/8 levels left

rFire    . . .     SeeInvis +   a - +0 falchion
rCold    . . .     Gourm    .   (no shield)
rNeg     . . .     Faith    .   b - +0 leather armour
rPois    .         Spirit   .   (no helmet)
rElec    .         Reflect  .   (no cloak)
rCorr    .         Harm     .   (no gloves)
MR       .....                  (no boots)
Stlth    +.........             (no amulet)
HPRegen  0.06/turn              c - ring of see invisible
MPRegen  0.11/turn              (no ring)

@: shrouded, very slightly contaminated
A: no striking features
a: Renounce Religion


You were on level 1 of the Dungeon.
You worshipped Wu Jian.
Wu Jian was aware of your devotion.
You were not hungry.

You visited 1 branch of the dungeon, and saw 2 of its levels.

You collected 71 gold pieces.

Inventory:

Hand Weapons
 a - a +0 falchion (weapon)
 l - a +2 trident of venom
Missiles
 e - 5 boomerangs of dispersal (quivered)
Armour
 b - a +0 leather armour (worn)
Jewellery
 c - a ring of see invisible (left hand)
Scrolls
 d - a scroll of blinking
 g - a scroll of identify {unknown}
 i - a scroll of immolation {unknown}
 k - a scroll of enchant armour {unknown}
Potions
 h - a potion of magic {unknown}
Comestibles
 f - 2 rations
 j - a chunk of flesh


   Skills:
 - Level 1.5 Fighting
 * Level 2.3 Long Blades
 + Level 1.0 Throwing
 - Level 0.7 Armour
 * Level 3.1 Dodging
 + Level 3.4 Spellcasting
 * Level 0.9 Charms
 + Level 3.3 Translocations


You had 4 spell levels left.
You knew the following spells:

 Your Spells              Type           Power        Failure   Level  Hunger
a - Shroud of Golubria    Chrm/Tloc      ##....       14%         2    ##.....
b - Blink                 Tloc           N/A          9%          2    ##.....

Your spell library contained the following spells:

 Spells                   Type           Power        Failure   Level  Hunger
 Gell's Gravitas          Tloc           ##........   17%         3    ###....
 Lesser Beckoning         Tloc           ##........   17%         3    ###....
 Teleport Other           Tloc           ##......     17%         3    ###....
 Passage of Golubria      Tloc           N/A          50%         4    ####...


Dungeon Overview and Level Annotations

Branches:
Dungeon (2/15)

Altars:
Cheibriados
Gozag
Hepliaklqana
Wu Jian
The Shining One

Annotations:
D:2 Terence


Message History

The gnoll misses you.
You riposte.
You barely miss the gnoll.
The gnoll is moderately wounded.
You hit the gnoll.
The gnoll is heavily wounded.
The gnoll closely misses you. The gnoll barely misses you.
You hit the gnoll but do no damage.
The gnoll is heavily wounded.
The gnoll hits you but does no damage.
You barely miss the gnoll.
The gnoll is heavily wounded.
The gnoll hits you but does no damage.
Casting: Shroud of Golubria (safe; 14% risk of failure)
Confirm with . or Enter, or press ? or * to list all spells.
Space distorts slightly along a thin shroud covering your body.
The gnoll barely misses you.
You riposte.
You barely miss the gnoll.
The gnoll is heavily wounded.
Your leather armour prevents you from hitting the gnoll.
The gnoll is heavily wounded.
The gnoll hits you with a +0 club!
You die...

....# #..########.# ....#
##.## #####.### ....##
#..###...)...# .....#
#............# .....#
#............# # .....#
#............#.# .....#
#..............#
.....######+##......[###.
........#
#...#.@.........
........# #..#g##.#####.#
........# #..wr##.#
........# ##.####.#
....#####........#.#
....# #........#.# ....#
#........#.# ....#
#...?....#.# ##.##
#....r...#


You could see a gnoll, a dart slug and a rat.

Vanquished Creatures
  2 leopard geckos (D:1)
  4 giant cockroaches
  4 goblins (D:1)
  4 hobgoblins
  2 jackals (D:1)
  3 bats
  A frilled lizard (D:2)
  3 kobolds
  3 rats
26 creatures vanquished.

Notes
Turn   | Place    | Note
-------+----------+-------------------------------------------
     0 | D:1      | Esekla the Deep Elf Warper began the quest for the Orb.
     0 | D:1      | Reached XP level 1. HP: 12/12 MP: 6/6
   194 | D:1      | Reached XP level 2. HP: 11/16 MP: 8/8
   200 | D:1      | Learned a level 2 spell: Shroud of Golubria
   203 | D:1      | Learned a level 2 spell: Blink
   419 | D:2      | Noticed Terence
   632 | D:1      | You fall into a shaft and drop 1 floor!
   645 | D:2      | Found a snail-covered altar of Cheibriados.
   921 | D:2      | Found a hazy altar of Hepliaklqana.
   921 | D:2      | Found a faded altar of an unknown god.
   927 | D:2      | Found a glowing golden altar of the Shining One.
   929 | D:2      | Found a faded altar of an unknown god.
   930 | D:2      | Found an opulent altar of Gozag.
   940 | D:2      | Became a worshipper of the Wu Jian Council
   940 | D:2      | Reached * piety under Wu Jian
  1067 | D:1      | Reached XP level 3. HP: 16/20 MP: 9/9
  1100 | D:1      | Slain by a gnoll

Illustrated notes

Levels and vault maps discovered:
D:1:      sevenhm_arrival_forest_fort_large_2, layout_basic
D:2:      layout_loops_ring, yredelemnul_forgotten_temple_becter,
          chequers_temple_overflow_minitemple, lemuel_crystal_altar,
          lemuel_doored_altar, guppyfry_early_lair_pool, uniq_terence

Skill      XL: |  1  2 |
---------------+-------+-----
Long Blades    | 2 |  2.3
Dodging        | 3 |  3.1
Fighting       | |  1.5
Throwing       | |  1.0
Armour         | |  0.7
Spellcasting   | |  3.4
Charms         | |  0.9
Translocations | |  3.3

Action                   || total
-------------------------++-------
Melee: Falchion          ||   102
 Cast: Shroud of Golubri ||    11
       Blink             ||     1
Invok: Lunge             ||     3
       Whirlwind         ||     1
 Stab: Sleeping          ||     1
  Eat: Chunk             ||     1
Armor: Leather armour    ||    23
Dodge: Dodged            ||    65
       Rpst.: Falchion   ||    22
